 Dungeon Crawl Stone Soup version 0.31.0-11-ge490571c62 (webtiles) character file.

Game seed: 13683319807015891701

7 Buffagor the Ruffian (level 2, 0/25 HPs)
             Began as a Naga Shapeshifter on Jan 28, 2024.
             Slain by a giant cockroach (2 damage)
             ... on level 1 of the Dungeon.
             The game lasted 00:00:42 (155 turns).

Buffagor the Ruffian (Naga Shapeshifter)             Turns: 155, Time: 00:00:43

Health: 0/25       AC:  1    Str: 16    XL:     2   Next: 4%
Magic:  2/2        EV:  9    Int: 10    God:
Gold:   0          SH:  0    Dex: 10    Spells: 1/1 levels left

rFire   . .          .
                       - Unarmed
rCold   . . .        (no shield)
rNeg    . . .        a - +0 animal skin
rPois   +            (helmet currently unavailable)
rElec   .            (cloak currently unavailable)
rCorr   .            (gloves currently unavailable)
SInv    +            (no barding)
Will    .....        (no amulet)
Stlth   +            (no ring)
HPRegen 0.24/turn    (no ring)
MPRegen 0.08/turn

%: no passive effects
@: beast-form, very slow
A: beast (slay +1), AC +0, large, see invisible, deformed body, poison
resistance, slowness 2, spit poison 1, naga tail 1
a: Spit Poison, Begin Untransformation


You were on level 1 of the Dungeon.
You were a hulking beast.
You visited 1 branch of the dungeon, and saw 1 of its levels.

Inventory:

Armour
 a - a +0 animal skin (worn)
Talismans
 c - a beast talisman
 d - a flux talisman
Potions
 b - a potion of lignification


   Skills:
 + Level 1.2 Fighting
 + Level 1.7 Dodging
 * Level 3.2 Unarmed Combat
 + Level 3.0 Shapeshifting


You had one spell level left.
You didn't know any spells.
Your spell library was empty.

Dungeon Overview and Level Annotations

Branches:
Dungeon (1/15)

Altars:


Innate Abilities, Weirdness & Mutations

You are a hulking beast.
Your limbs bulge with bestial killing power. (Slay +1)
Your serpentine skin is tough. (AC +0)
You have supernaturally acute eyesight. (SInv)
Armour fits poorly on your strangely shaped body.
Your system is resistant to poisons. (rPois)
You cover ground very slowly.
You can spit poison.
You have a snake-like lower body.


Message History

The endoplasm hits you.
You hit the endoplasm.
The endoplasm is heavily wounded.
The endoplasm freezes you.
You are frozen.
You hit the endoplasm.
You kill the endoplasm!
The rat barely misses you.
You barely miss the rat.
You have got your breath back.
The kobold hits you with a +0 dagger. The rat bites you.
Aiming: Spit Poison (3% risk of failure)
Press: ? - help, Shift-Dir - straight line, f - kobold
Aim: a kobold, wielding a +0 dagger and quivering stones (43% to hit)
The splash of poison hits the kobold.
The kobold is heavily wounded.
The rat bites you. The kobold hits you with a +0 dagger.
You hit the kobold.
The kobold is severely wounded.
The rat bites you.
* * * LOW HITPOINT WARNING * * *
The kobold hits you with a +0 dagger.
* * * LOW HITPOINT WARNING * * *
You hit the kobold.
You kill the kobold!
The rat barely misses you.
You have reached level 2!
You hit the rat.
You kill the rat!
The giant cockroach bites you.
* * * LOW HITPOINT WARNING * * *
You barely miss the giant cockroach.
The giant cockroach bites you but does no damage.
The goblin closely misses you. The giant cockroach barely misses you.
Unknown command.
You hit the giant cockroach.
The giant cockroach is moderately wounded.
You have got your breath back.
The giant cockroach bites you.
You die...

### #### ### #.. ...#
#... #.# ###.######
##...##.# ........####
........## #.#.#.....#
......... #......##..
......Bg# #......##..
#h######......##..
#........#.#......
#.........#####.#.###..
#.....###.# #.#.# #..
#.###. #.# #+#.###.. #
#. #.# #######.... #.
##.# #..<####### ..
...~ ##.##♣~##
##~~♣#'#~~~.###


You could see a giant cockroach and a goblin.

Vanquished Creatures
  2 endoplasms (D:1)
  A giant cockroach (D:1)
  A goblin (D:1)
  A kobold (D:1)
  A rat (D:1)
6 creatures vanquished.

Notes
Turn   | Place    | Note
-------+----------+-------------------------------------------
     0 | D:1      | Buffagor the Naga Shapeshifter began the quest for the Orb.
     0 | D:1      | Reached XP level 1. HP: 18/18 MP: 1/1
   153 | D:1      | Reached XP level 2. HP: 4/25 MP: 2/2
   155 | D:1      | Slain by a giant cockroach

Illustrated notes

Levels and vault maps discovered:
D:1:      sevenhm_arrival_forest_fort_small_4, layout_loops_corners,
          chequers_ecumenical_altar_grove

Action                     || total
---------------------------++-------
  Melee: Unarmed           ||    15
         Punch             ||     1
Ability: Spit Poison       ||     4
 Armour: Animal skin       ||    13
  Dodge: Dodged            ||     8
